 Dungeon Crawl Stone Soup version 0.30-a0-739-gea05faddec (webtiles) character file.

Game seed: 3742479683347926382

79 xian the Stinger (level 4, -1/21 HPs)
             Began as a Vine Stalker Venom Mage on Feb 4, 2023.
             Slain by a gnoll
             ... wielding a +0 halberd
              (10 damage)
             ... on level 2 of the Dungeon.
             The game lasted 00:03:36 (1504 turns).

xian the Stinger (Vine Stalker Venom Mage)          Turns: 1504, Time: 00:03:36

Health: -1/21      AC:  3    Str: 10    XL:     4   Next: 38%
Magic:  0/9        EV: 12    Int: 17    God:
Gold:   126        SH:  0    Dex: 15    Spells: 2/8 levels left

rFire   . . .      SeeInvis .    c - +0 short sword
rCold   . . .      Faith    .    (no shield)
rNeg    . . .      Spirit   +    a - +0 robe
rPois   .          Reflect  .    (no helmet)
rElec   .          Harm     .    (no cloak)
rCorr   .          Rampage  .    (no gloves)
Will    .....                    i - +0 pair of boots
Stlth   ++                       (no amulet)
HPRegen 1.03/turn                (no ring)
MPRegen 0.11/turn                (no ring)

@: no status effects
A: fangs 2, regeneration 1, magic shield, antimagic bite, no potion heal 2
a: no special abilities


You were on level 2 of the Dungeon.
You visited 1 branch of the dungeon, and saw 2 of its levels.

You collected 126 gold pieces.

Inventory:

Hand Weapons
 c - a +0 short sword (weapon)
Armour
 a - a +0 robe (worn)
 i - a +0 pair of boots (worn)
Scrolls
 d - a scroll of enchant armour {unknown}
 e - 2 scrolls of identify {unknown}
 g - a scroll of teleportation {unknown}
Potions
 b - a potion of magic
 f - a potion of attraction {unknown}
 h - a potion of curing {unknown}
 j - a potion of haste {unknown}
 k - a potion of might {unknown}


   Skills:
 + Level 0.7 Fighting
 + Level 0.9 Short Blades
 + Level 1.9 Dodging
 + Level 2.7 Stealth
 + Level 2.8 Spellcasting
 + Level 1.5 Transmutations
 + Level 3.7 Poison Magic


You had 2 spell levels left.
You knew the following spells:

 Your Spells              Type           Power      Damage    Failure   Level
a - Sting                 Tmut/Pois      44%        1d5       6%          1
b - Poisonous Vapours     Pois/Air       16%        N/A       12%         2
c - Mephitic Cloud        Conj/Pois/Air  6%         N/A       32%         3

Your spell library contained the following spells:

 Spells                   Type           Power      Damage    Failure   Level
 Olgreb's Toxic Radiance  Pois           15%        N/A       36%         4


Dungeon Overview and Level Annotations

Branches:
Dungeon (2/15)

Altars:

Annotations:
D:1 2 runed translucent doors


Innate Abilities, Weirdness & Mutations

You have extremely sharp teeth.
Your natural rate of healing is unusually fast.
When hurt, damage is shared between your health and your magic reserves.
Your bite disrupts and absorbs the magic of your enemies.
Potions cannot restore your health.


Message History

The endoplasm is moderately wounded.
The endoplasm hits you but does no damage.
The sting hits the endoplasm.
The endoplasm partially resists.
The endoplasm looks even sicker.
The endoplasm is almost dead.
You kill the endoplasm!
You can't see any susceptible monsters within range! (Use Z to cast anyway.)
You can't see any susceptible monsters within range! (Use Z to cast anyway.)
j - an emerald potion
Found an escape hatch in the ceiling.
k - a viscous black potion A gnoll comes into view.
It is wielding a +0 halberd.
A gnoll comes into view. It is wielding a +0 flail.
There is an escape hatch in the ceiling here. 2 gnolls come into view.
The gnoll shouts! x2
Casting: Sting (safe; 6% risk of failure)
Confirm with . or Enter, or press ? or * to list all spells.
Okay, then.
The gnoll misses you.
There is an escape hatch in the ceiling here.
The sting hits the gnoll.
The gnoll is poisoned.
The gnoll is lightly wounded.
The gnoll misses you.
Casting: Sting (safe; 6% risk of failure)
Confirm with . or Enter, or press ? or * to list all spells.
The spell is astonishingly dangerous to miscast (32% risk of failure)!
Continue anyway?
Okay, then.
The sting misses the gnoll.
The gnoll shouts!
Unknown command.
The sting misses the gnoll.
Unknown command.
The sting hits the gnoll but does no damage.
The gnoll is poisoned.
The gnoll looks more healthy.
The sting hits the gnoll but does no damage.
The gnoll looks even sicker.
The gnoll hits you with a +3 flail!
Ouch! That really hurt!
The gnoll hits you from afar with a +0 halberd!
You die...

#.# #.......# #.#
#.......#
#.##########.......#
#...............####
# #.#############+#
#.#.#...#
#.......#######
###.#........$####...
#.#.......@........ #
#........g.###...
#.#......#g#
#.....##g#.#
#.#.#.##.#.#
#.#.#.##.#g# .
..#.##g#.# ....#


You could see 4 gnolls.

Vanquished Creatures
  4 adders (D:2)
  2 dart slugs
  A ball python (D:1)
  2 bats
  2 endoplasms
  6 hobgoblins
  5 jackals
  A quokka (D:2)
  2 frilled lizards (D:1)
  5 goblins
  3 kobolds (D:1)
  4 rats
37 creatures vanquished.

Notes
Turn   | Place    | Note
-------+----------+-------------------------------------------
     0 | D:1      | xian the Vine Stalker Venom Mage began the quest for the
                  | Orb.
     0 | D:1      | Reached XP level 1. HP: 9/9 MP: 4/4
   126 | D:1      | Found a large runed translucent door.
   126 | D:1      | Found a large runed translucent door.
   176 | D:1      | Reached XP level 2. HP: 13/13 MP: 4/6
   704 | D:1      | You fall into a shaft and drop 1 floor!
   721 | D:2      | Reached XP level 3. HP: 10/17 MP: 1/7
   724 | D:2      | Learned a level 2 spell: Poisonous Vapours
   728 | D:2      | Learned a level 3 spell: Mephitic Cloud
  1000 | D:2      | Gained mutation: Your natural rate of healing is unusually
                  | fast. [Vine Stalker growth]
  1000 | D:2      | Reached XP level 4. HP: 21/21 MP: 2/8
  1504 | D:2      | Slain by a gnoll

Illustrated notes

Levels and vault maps discovered:
D:1:      erik_arrival_cave_to_civilisation [erik_arrival_cave_to_temple],
          layout_basic
D:2:      layout_basic

Action                     |  1- 3 |  4- 6 || total
---------------------------+-------+-------++-------
  Melee: Short sword       |    40 |     5 ||    45
         Bite              |    10 |       ||    10
         Punch             |     1 |       ||     1
   Cast: Sting             |    42 |    21 ||    63
   Stab: Sleeping          |     1 |     1 ||     2
 Armour: Robe              |    13 |     3 ||    16
  Dodge: Dodged            |    65 |    10 ||    75

Table legend: (Time is in decaauts)
 A = Elapsed time spent in this place.
 B = Non-inter-level travel time spent in this place.
 C = Inter-level travel time spent in this place.
 D = Time resting spent in this place.
 E = Time spent auto-exploring this place.
 F = Levels seen in this place.
 G = Mean time per level.
                   A        B        C        D        E       F      G
               +--------+--------+--------+--------+--------+-----+--------+
         Total |   1502 |   1502 |      0 |      0 |   1167 |   2 |  751.0 |
       Dungeon |   1502 |   1502 |      0 |      0 |   1167 |   2 |  751.0 |
               +--------+--------+--------+--------+--------+-----+--------+

Top non-repeatable levels by time:
     D:2: 799 daAuts
     D:1: 703 daAuts
